 Dungeon Crawl Stone Soup version 0.30-a0-125-g51eefa89be (webtiles) character file.

Game seed: 18114640507473278218

13 funkygono the Firebug (level 2, 0/19 HPs)
             Began as a Demonspawn Fire Elementalist on Sept 18, 2022.
             Slain by a kobold
             ... wielding a +0 short sword
              (4 damage)
             ... on level 1 of the Dungeon.
             The game lasted 00:00:44 (516 turns).

funkygono the Firebug (Demonspawn Fire Elementalist) Turns: 516, Time: 00:00:45

Health: 0/19       AC:  2    Str:  8    XL:     2   Next: 24%
Magic:  1/5        EV: 12    Int: 16    God:
Gold:   19         SH:  0    Dex: 13    Spells: 2/5 levels left

rFire   . . .      SeeInvis .    (no weapon)
rCold   . . .      Faith    .    (no shield)
rNeg    . . .      Spirit   .    a - +0 robe
rPois   .          Reflect  .    (no helmet)
rElec   .          Harm     .    (no cloak)
rCorr   .          Rampage  .    (no gloves)
Will    .....                    (no boots)
Stlth   ++........               (no amulet)
HPRegen 0.06/turn                (no ring)
MPRegen 0.09/turn                (no ring)

@: no status effects
A: hooves 1
a: no special abilities


You were on level 1 of the Dungeon.
You visited 1 branch of the dungeon, and saw 1 of its levels.

You collected 19 gold pieces.

Inventory:

Armour
 a - a +0 robe (worn)
Potions
 b - a potion of magic
 c - a potion of brilliance {unknown}
 d - a potion of ambrosia {unknown}
 e - 2 potions of might {unknown}
 f - a potion of degeneration {unknown}


   Skills:
 + Level 2.1 Dodging
 - Level 1.7 Stealth
 + Level 2.0 Spellcasting
 + Level 1.0 Conjurations
 + Level 3.0 Fire Magic


You had 2 spell levels left.
You knew the following spells:

 Your Spells              Type           Power      Damage    Failure   Level
a - Foxfire               Conj/Fire      32%        2x1d5     9%          1
b - Scorch                Fire           22%        2d6       9%          2

Your spell library contained the following spells:

 Spells                   Type           Power      Damage    Failure   Level
 Inner Flame              Hex/Fire       6%         N/A       32%         3
 Kindle Blastsparks       Fire/Tloc/Air  8%         2d10      38%         3
 Flame Wave               Conj/Fire      8%         2d5       65%         4


Dungeon Overview and Level Annotations

Branches:
Dungeon (1/15)

Altars:


Innate Abilities, Weirdness & Mutations

You have large cloven feet.


Message History

Confirm with . or Enter, or press ? or * to list all spells.
You conjure some foxfire!
Unknown command.
The foxfire hits the kobold but does no damage. x2
The kobold throws a stone.
The stone hits you.
Casting: Foxfire (safe; 9% risk of failure)
Confirm with . or Enter, or press ? or * to list all spells.
You miscast Foxfire.
You are very lightly contaminated with residual magic.
Nothing appears to happen.
You hit the hobgoblin but do no damage. You kick the hobgoblin.
The hobgoblin is moderately wounded.
The hobgoblin hits you.
The kobold hits you with a +0 short sword.
You hit the hobgoblin but do no damage.
The hobgoblin is moderately wounded.
The kobold hits you with a +0 short sword.
An endoplasm comes into view.
The hobgoblin misses you.
The endoplasm quivers.
You hit the hobgoblin but do no damage. Your kick misses the hobgoblin.
The hobgoblin is moderately wounded.
The hobgoblin misses you. The kobold closely misses you.
You hit the hobgoblin but do no damage.
The hobgoblin is moderately wounded.
The hobgoblin misses you. The kobold closely misses you.
You barely miss the hobgoblin. You kick the hobgoblin.
The hobgoblin is heavily wounded.
The hobgoblin hits you. The kobold barely misses you.
Your magical contamination has completely faded away.
You closely miss the hobgoblin.
The hobgoblin is heavily wounded.
A ball python comes into view.
The hobgoblin hits you but does no damage.
The kobold hits you with a +0 short sword.
* * * LOW HITPOINT WARNING * * *
You closely miss the hobgoblin.
The hobgoblin is heavily wounded.
The kobold hits you with a +0 short sword.
You die...

......#^##'## ####...######
#####.###...###............
#Z#Z#.....>.#e#.......B....
#########...###...gK[......
# #^#Z##'## ##.......####
######.# #.#...#.# #.[#.#
#g#.J.#.# #.##.# #K#...#.#
# #.##.# #@gB....#
#.##.##.#####...#.##
#....†.............##
########.##.###.#.......##
.........##.###..........#
#########.......[.>.......#
#.#.##...........##
#.#.###............
#.......†.)....#.###


You could see a gnoll, an endoplasm, a giant cockroach, a hobgoblin and a
kobold.

Vanquished Creatures
  2 dart slugs (D:1)
  2 bats (D:1)
  An endoplasm (D:1)
  A giant cockroach (D:1)
  A kobold (D:1)
  A ball python (D:1)
  A frilled lizard (D:1)
9 creatures vanquished.

Vanquished Creatures (others)
  29 foxfires (D:1)
29 creatures vanquished.

Grand Total: 38 creatures vanquished

Notes
Turn   | Place    | Note
-------+----------+-------------------------------------------
     0 | D:1      | funkygono the Demonspawn Fire Elementalist began the quest
                  | for the Orb.
     0 | D:1      | Reached XP level 1. HP: 13/13 MP: 3/3
     0 | D:1      | Noticed a vine stalker
     2 | D:1      | Noticed a formicid
     7 | D:1      | Noticed a human
     9 | D:1      | Noticed an ogre
    16 | D:1      | Noticed a formicid
    20 | D:1      | Noticed a troll
    22 | D:1      | Noticed an elf
   375 | D:1      | Reached skill level 3 in Fire Magic
   375 | D:1      | Gained mutation: You have large cloven feet. [demonic
                  | ancestry]
   375 | D:1      | Reached XP level 2. HP: 19/19 MP: 1/5
   378 | D:1      | Learned a level 2 spell: Scorch
   516 | D:1      | Slain by a kobold

Illustrated notes

Levels and vault maps discovered:
D:1:      shiori_arrival_whats_in_store_for_you, layout_loops_cross,
          dreamdust_ecumenical_altar_drowned_temple

Skill      XL: |  1 |
---------------+----+-----
Dodging        | 2 |  2.1
Fire Magic     | 3 |  3.0
Stealth        | |  1.7
Spellcasting   | |  2.0
Conjurations   | |  1.0

Action                   || total
-------------------------++-------
Melee: Unarmed           ||     7
       Kick              ||     2
 Cast: Foxfire           ||    17
Armor: Robe              ||     1
Dodge: Dodged            ||     7

Table legend: (Time is in decaauts)
 A = Elapsed time spent in this place.
 B = Non-inter-level travel time spent in this place.
 C = Inter-level travel time spent in this place.
 D = Time resting spent in this place.
 E = Time spent auto-exploring this place.
 F = Levels seen in this place.
 G = Mean time per level.
                   A        B        C        D        E       F      G
               +--------+--------+--------+--------+--------+-----+--------+
         Total |    516 |    516 |      0 |      0 |    441 |   1 |  516.0 |
       Dungeon |    516 |    516 |      0 |      0 |    441 |   1 |  516.0 |
               +--------+--------+--------+--------+--------+-----+--------+

Top non-repeatable levels by time:
     D:1: 516 daAuts
